 Dungeon Crawl Stone Soup version 0.26-b1-32-g5d43845318 (webtiles) character file.

Game seed: 13979742440691922141

202 Borgoz the Cudgeller (level 5, -4/49 HPs)
             Began as a Gargoyle Berserker on Jan 11, 2021.
             Was a Priest of Trog.
             Slain by Menkaure (19 damage)
             ... on level 4 of the Dungeon.
             The game lasted 00:02:42 (3843 turns).

Borgoz the Cudgeller (Gargoyle Berserker)           Turns: 3843, Time: 00:02:42

Health: -4/49      AC:  7    Str: 20    XL:     5   Next: 80%
Magic:  5/5        EV: 12    Int:  8    God:    Trog [***...]
Gold:   80         SH:  0    Dex: 10    Spells: 4/4 levels left

rFire    . . .     SeeInvis .   p - +0 whip (venom)
rCold    . . .     Faith    .   (no shield)
rNeg     + . .     Spirit   .   b - +0 animal skin
rPois    ∞         Reflect  .   (no helmet)
rElec    +         Harm     .   (no cloak)
rCorr    .         Rampage  .   (no gloves)
Will     .....                  d - +0 pair of boots
Stlth    ..........             (no amulet)
HPRegen  0.16/turn              (no ring)
MPRegen  0.09/turn              (no ring)

@: berserking, very quick
A: negative energy resistance 1, electricity resistance, unbreathing,
petrification resistance, miasma immunity, AC +4
a: Renounce Religion, Berserk, Trog's Hand


You were on level 4 of the Dungeon.
You worshipped Trog.
Trog was most pleased with you.
You visited 1 branch of the dungeon, and saw 4 of its levels.

You collected 80 gold pieces.

Inventory:

Hand Weapons
 p - a +0 whip of venom (weapon)
Armour
 b - a +0 animal skin (worn)
 d - a +0 pair of boots (worn)
Scrolls
 e - 5 scrolls of teleportation
 f - 2 scrolls of identify {unknown}
 k - a scroll of enchant weapon {unknown}
 l - 2 scrolls of fog {unknown}
 m - a scroll of remove curse {unknown}
 n - a scroll of magic mapping {unknown}
Potions
 c - a potion of attraction {unknown}
 g - a potion of mutation {unknown}
 h - a potion of resistance {unknown}
 i - a potion of brilliance {unknown}
 j - a potion of berserk rage {unknown}
 o - a potion of curing {unknown}


   Skills:
 + Level 4.0 Fighting
 * Level 4.4 Maces & Flails
 + Level 3.1 Armour
 * Level 3.0 Dodging


You had 4 spell levels left.
You didn't know any spells.
Your spell library was empty.

Dungeon Overview and Level Annotations

Branches:
Dungeon (4/15)
 Temple: D:4-7

Altars:

Annotations:
D:4 Menkaure


Innate Abilities, Weirdness & Mutations

You are resistant to torment.
Your stone body is resilient. (AC +4)
You are immune to poison.
You resist negative energy. (rN+)
You are resistant to electric shocks. (rElec)
You can survive without breathing.
You are immune to petrification.
You are immune to miasma.


Message History

The worker ant bites you but does no damage.
Menkaure casts a spell.
Menkaure seems to speed up.
You barely miss Menkaure.
Menkaure is moderately damaged.
The worker ant bites you. Menkaure barely misses you.
You hit Menkaure.
Menkaure is moderately damaged.
The worker ant misses you. Menkaure hits you!
You are too injured to fight recklessly!
You are too injured to fight recklessly!
A red film seems to cover your vision as you go berserk!
You feel yourself moving faster!
You feel mighty! The worker ant barely misses you.
Menkaure calls on the powers of darkness!
Your body is wracked with pain!
The worker ant convulses!
You hit Menkaure.
Menkaure is severely damaged.
The worker ant bites you. Menkaure hits you!!
You die...

........<†..##.
........(.......
#######.###.##..
#.# .. #.# ##
#.# ####.#
..#....######
........@M...#
...#.....B...#
.. #.........#
#..)......#
####......#
#.$....#
########


You could see Menkaure (fast) and a worker ant.

Vanquished Creatures
  A howler monkey (D:4)
  An orc wizard (D:3)
  2 gnolls (D:1)
  4 adders
  2 worms (D:3)
  3 leopard geckos
  9 orcs (D:3)
  2 ball pythons (D:2)
  A giant cockroach (D:3)
  9 goblins
  10 hobgoblins
  4 jackals (D:3)
  2 quokkas
  7 bats
  4 frilled lizards
  5 kobolds
  9 rats
75 creatures vanquished.

Notes
Turn   | Place    | Note
-------+----------+-------------------------------------------
     0 | D:1      | Borgoz the Gargoyle Berserker began the quest for the Orb.
     0 | D:1      | Reached XP level 1. HP: 14/14 MP: 1/1
   281 | D:1      | Reached XP level 2. HP: 3/19 MP: 2/2
   570 | D:1      | Reached XP level 3. HP: 18/23 MP: 3/3
  1614 | D:2      | Reached ** piety under Trog
  1615 | D:2      | Reached XP level 4. HP: 28/28 MP: 4/4
  2353 | D:3      | Reached XP level 5. HP: 8/33 MP: 5/5
  2358 | D:3      | HP: 2/49 [quokka (4)]
  3569 | D:3      | Reached *** piety under Trog
  3836 | D:4      | Noticed Menkaure
  3843 | D:4      | Slain by Menkaure

Illustrated notes

Levels and vault maps discovered:
D:1:      sevenhm_arrival_forest_fort_small_5, layout_basic
D:2:      layout_basic
D:3:      mumra_celtic_spiral_tile, layout_basic
D:4:      gammafunk_steamed_eel, layout_basic, uniq_blork_the_orc,
          uniq_menkaure, uniq_ijyb

Skill      XL: |  1  2  3  4  5 |
---------------+----------------+-----
Dodging        | 2 3 |  3.0
Maces & Flails | 4 |  4.4
Armour         | 3 |  3.1
Fighting       | 4 |  4.0

Action                   |  1- 3 |  4- 6 || total
-------------------------+-------+-------++-------
Melee: Mace              |    84 |   141 ||   225
       Whip              |       |    31 ||    31
Invok: Berserk           |     2 |     3 ||     5
  Use: Scroll            |       |     1 ||     1
 Stab: Sleeping          |     1 |     1 ||     2
Armor: Animal skin       |    31 |    71 ||   102
Dodge: Dodged            |    63 |   150 ||   213
